 Dungeon Crawl Stone Soup version 0.28-a0-823-gb444dcf96d (webtiles) character file.

Game seed: 3361434560937086579

20 meatgazer the Skirmisher (level 2, -7/24 HPs)
             Began as a Demonspawn Abyssal Knight on Nov 9, 2021.
             Was a Follower of Lugonu.
             Mangled by Terence (9 damage)
             ... on level 2 of the Dungeon.
             The game lasted 00:02:03 (1270 turns).

meatgazer the Skirmisher (DsAK)                     Turns: 1270, Time: 00:02:03

Health: -7/24      AC:  3    Str: 17    XL:     2   Next: 58%
Magic:  4/4        EV: 11    Int: 11    God:    Lugonu [*.....]
Gold:   21         SH:  0    Dex: 15    Spells: 1/1 levels left

rFire   + + +      SeeInvis +   a - +1 hand axe
rCold   . . .      Faith    .   (no shield)
rNeg    . . .      Spirit   .   b - +0 leather armour
rPois   .          Reflect  .   (no helmet)
rElec   .          Harm     .   (no cloak)
rCorr   +          Rampage  .   (no gloves)
Will    .....                   (no boots)
Stlth   ++........              (no amulet)
HPRegen 0.08/turn               c - ring of Daop {Drain rF+++ rCorr Str+4 SInv}
MPRegen 0.09/turn               (no ring)

@: no status effects
A: thin skeletal structure 1
a: Renounce Religion, Depart the Abyss


You were on level 2 of the Dungeon.
You worshipped Lugonu.
Lugonu was aware of your devotion.
You visited 1 branch of the dungeon, and saw 2 of its levels.
You visited the Abyss 1 time.

You collected 21 gold pieces.

Inventory:

Hand Weapons
 a - a +1 hand axe (weapon)
Armour
 b - a +0 leather armour (worn)
Jewellery
 c - the ring of Daop (left hand) {Drain rF+++ rCorr Str+4 SInv}
   (You found it on level 2 of the Abyss)

   [ring of see invisible]

   Str:       It affects your strength (+4).
   rF:        It renders you almost immune to fire.
   SInv:      It lets you see invisible.
   rCorr:     It protects you from acid and corrosion.
   Drain:     It drains your maximum health when unequipped.
Potions
 d - a potion of curing


   Skills:
 * Level 3.3 Fighting
 * Level 2.2 Axes
 - Level 1.7 Armour
 - Level 0.8 Dodging
 + Level 0.1 Stealth
 * Level 3.0 Invocations


You had one spell level left.
You didn't know any spells.
Your spell library contained the following spells:

 Spells                   Type           Power      Damage    Failure   Level
 Magic Dart               Conj           0%         1d3       38%         1
 Searing Ray              Conj           0%         2d4       54%         2
 Animate Dead             Necr           0%         N/A       99%         4
 Fulminant Prism          Conj/Hex       0%         3d6       99%         4
 Borgnjor's Vile Clutch   Necr/Erth      0%         N/A       100%        5
 Death Channel            Necr           0%         N/A       100%        6


Dungeon Overview and Level Annotations

Branches:
Dungeon (2/15)

Altars:

Annotations:
D:2 Terence


Innate Abilities, Weirdness & Mutations

You have a somewhat thin skeletal structure. (Dex +2, Stealth+)


Message History

d - a potion of curing
(D) Dungeon
Where to? (? - help)
You see here 5 datura-tipped darts.
You see here a +0 club.
There is a stone staircase leading down here.
You climb downwards.
There is a stone staircase leading up here.
You open the door.
Terence the Incautious comes into view.
He is wielding a +0 falchion.
There is an open door here.
Terence hits you with a +0 falchion!
You closely miss Terence. Terence misses you.
You hit Terence.
Terence is lightly wounded.
Terence closely misses you.
You barely miss Terence.
Terence is lightly wounded.
Terence hits you with a +0 falchion.
You barely miss Terence.
Terence is lightly wounded.
Terence barely misses you.
You hit Terence but do no damage.
Terence is lightly wounded.
Terence hits you with a +0 falchion.
You barely miss Terence.
Terence is lightly wounded.
Terence barely misses you. Terence hits you with a +0 falchion.
* * * LOW HITPOINT WARNING * * *
You barely miss Terence.
Terence is lightly wounded.
Terence hits you with a +0 falchion.
* * * LOW HITPOINT WARNING * * *
You hit Terence.
Terence is moderately wounded.
Terence misses you.
You closely miss Terence.
Terence is moderately wounded.
Terence hits you with a +0 falchion!
You die...

#.# #.# #.#
#.# #.# #.#
### #@# .....
#@##....#
#.#+....+
#####'##....#
#...........+
#...........#
#...........#
#...........#
#...........#
########..<.#


You could see Terence.

Vanquished Creatures
  A dart slug (D:1)
  4 endoplasms (D:1)
  2 giant cockroaches (D:1)
  2 goblins (D:1)
  A quokka (D:1)
  2 ball pythons (D:1)
  A bat (D:1)
  2 kobolds (D:1)
  A rat (D:1)
16 creatures vanquished.

Notes
Turn   | Place    | Note
-------+----------+-------------------------------------------
     0 | Abyss:1  | meatgazer the Demonspawn Abyssal Knight began the quest for
                  | the Orb.
     0 | Abyss:1  | Reached XP level 1. HP: 18/18 MP: 2/2
    14 | Abyss:2  | Identified the ring of Daop {Drain rF+++ rCorr Str+4 SInv}
    63 | Abyss:2  | Noticed a chaos spawn
    79 | Abyss:2  | Noticed a quasit
    87 | Abyss:2  | Noticed a starcursed mass
    89 | D:1      | Escaped the Abyss
   691 | D:1      | Reached * piety under Lugonu
   793 | D:1      | Gained mutation: You have a somewhat thin skeletal
                  | structure. (Dex +2, Stealth+) [demonic ancestry]
   793 | D:1      | Reached XP level 2. HP: 22/24 MP: 4/4
  1258 | D:2      | Noticed Terence
  1270 | D:2      | Mangled by Terence

Illustrated notes

Levels and vault maps discovered:
D:1:      matt_arrival_grand_opening, layout_basic
D:2:      layout_basic, kennysheep_generic_room_3, uniq_natasha, uniq_terence

Skill      XL: |  1  2 |
---------------+-------+-----
Axes           | 2 |  2.2
Invocations    | 3 |  3.0
Fighting       | |  3.3
Armour         | |  1.7
Dodging        | |  0.8
Stealth        | |  0.1

Action                   || total
-------------------------++-------
Melee: Hand axe          ||    39
Invok: Depart the Abyss  ||     1
  Use: Scroll            ||     3
 Stab: Sleeping          ||     2
Armor: Leather armour    ||     7
Dodge: Dodged            ||    15

Table legend: (Time is in decaauts)
 A = Elapsed time spent in this place.
 B = Non-inter-level travel time spent in this place.
 C = Inter-level travel time spent in this place.
 D = Time resting spent in this place.
 E = Time spent auto-exploring this place.
 F = Levels seen in this place.
 G = Mean time per level.
                   A        B        C        D        E       F      G
               +--------+--------+--------+--------+--------+-----+--------+
         Total |   1276 |   1249 |     27 |    490 |    592 |   4 |  319.0 |
       Dungeon |   1187 |   1160 |     27 |    490 |    556 |   2 |  593.5 |
         Abyss |     88 |     88 |      0 |      0 |     36 |   2 |   44.0 |
               +--------+--------+--------+--------+--------+-----+--------+

Top non-repeatable levels by time:
     D:1: 1166 daAuts
 Abyss:2: 79 daAuts
     D:2: 21 daAuts
 Abyss:1: 9 daAuts
